 Dungeon Crawl Stone Soup version 0.27.1 (webtiles) character file.

Game seed: 13707928429752390519

612 MajorAdolf the Skirmisher (level 7, -20/68 HPs)
             Began as a Naga Wanderer on Aug 27, 2021.
             Demolished by an ogre (21 damage)
             ... on level 5 of the Dungeon.
             The game lasted 00:07:07 (5729 turns).

MajorAdolf the Skirmisher (Naga Wanderer)           Turns: 5729, Time: 00:07:07

Health: -20/68     AC: 10    Str: 17    XL:     7   Next: 44%
Magic:  7/7        EV:  5    Int: 12    God:
Gold:   180        SH:  7    Dex: 10    Spells: 6/6 levels left

rFire    + . .     SeeInvis +   a - +2 hand crossbow
rCold    . . .     Faith    .   w - +0 kite shield
rNeg     . . .     Spirit   .   z - +1 ring mail {rF+}
rPois    +         Reflect  .   n - +0 helmet
rElec    .         Harm     .   i - +2 cloak
rCorr    .         Rampage  .   (no gloves)
Will     .....                  (no barding)
Stlth    ..........             (no amulet)
HPRegen  0.21/turn              (no ring)
MPRegen  0.10/turn              (no ring)

@: very slow
A: AC +2, large, see invisible, deformed body, poison resistance, slowness 2,
spit poison 1, naga tail 1
a: Spit Poison


You were on level 5 of the Dungeon.
You visited 1 branch of the dungeon, and saw 5 of its levels.

You collected 180 gold pieces.

Inventory:

Hand Weapons
 a - a +2 hand crossbow (weapon)
 c - a +0 hand axe
 d - a +2 dagger of venom
Missiles
 b - 46 bolts (quivered ammo)
Armour
 i - a +2 cloak (worn)
 n - a +0 helmet (worn)
 w - a +0 kite shield (worn)
 z - a +1 ring mail of fire resistance (worn)
Jewellery
 y - a ring of fire
Wands
 m - a wand of flame (24)
Scrolls
 j - a scroll of blinking {unknown}
 o - 3 scrolls of identify {unknown}
 p - a scroll of holy word {unknown}
 q - 3 scrolls of enchant weapon {unknown}
 s - 5 scrolls of amnesia {unknown}
 u - a scroll of fog {unknown}
 x - a scroll of summoning {unknown}
Potions
 e - a potion of cancellation {unknown}
 g - a potion of magic {unknown}
 h - a potion of attraction {unknown}
 k - 3 potions of curing
 l - a potion of might {unknown}
 r - a potion of heal wounds {unknown}
 t - 3 potions of brilliance {unknown}
 v - a potion of degeneration {unknown}


   Skills:
 + Level 5.8 Fighting
 + Level 3.3 Short Blades
 - Level 2.0 Axes
 + Level 4.1 Crossbows
 - Level 2.4 Armour
 + Level 1.4 Shields
 - Level 1.0 Evocations


You had 6 spell levels left.
You didn't know any spells.
Your spell library was empty.

Dungeon Overview and Level Annotations

Branches:
Dungeon (5/15)
 Temple: D:4-7

Altars:
Hepliaklqana
Kikubaaqudgha

Shops:
D:5 ?:


Innate Abilities, Weirdness & Mutations

Your serpentine skin is tough. (AC +2)
You have supernaturally acute eyesight. (SInv)
Armour fits poorly on your strangely shaped body.
Your system is resistant to poisons. (rPois)
You cover ground very slowly.
You can spit poison.
You have a snake-like lower body.


Message History

The ogre is heavily wounded.
You shoot a bolt. The bolt barely misses the ogre.
The ogre hits you with a +0 giant spiked club!!
You shoot a bolt. The bolt hits the ogre!
The ogre is severely wounded.
The ogre hits you with a +0 giant spiked club!
You are too injured to fight recklessly!
You are too injured to fight recklessly!
Unknown command.
Fire: 51 bolts
Press: ? - help, Q - select action, (/) - cycle Shift-Dir - straight line, f/p - ogre
Aim: an ogre, wielding a +0 giant spiked club (severely wounded, 79% to hit)
You shoot a bolt. The bolt closely misses the ogre.
The ogre barely misses you.
Unknown command.
Fire: 50 bolts
Press: ? - help, Q - select action, (/) - cycle Shift-Dir - straight line, f/p - ogre
Aim: an ogre, wielding a +0 giant spiked club (severely wounded, 78% to hit)
You shoot a bolt. The bolt barely misses the ogre.
You block the ogre's attack.
Unknown command.
Fire: 49 bolts
Press: ? - help, Q - select action, (/) - cycle Shift-Dir - straight line, f/p - ogre
Aim: an ogre, wielding a +0 giant spiked club (severely wounded, 78% to hit)
You shoot a bolt. The bolt hits the ogre.
The ogre is severely wounded.
The ogre hits you with a +0 giant spiked club.
Fire: 48 bolts
Press: ? - help, Q - select action, (/) - cycle Shift-Dir - straight line, f/p - ogre
Aim: an ogre, wielding a +0 giant spiked club (severely wounded, 78% to hit)
You shoot a bolt. The bolt barely misses the ogre.
The ogre hits you with a +0 giant spiked club!!
* * * LOW HITPOINT WARNING * * *
Fire: 47 bolts
Press: ? - help, Q - select action, (/) - cycle Shift-Dir - straight line, f/p - ogre
Aim: an ogre, wielding a +0 giant spiked club (severely wounded, 79% to hit)
You shoot a bolt. The bolt hits the ogre.
The ogre is almost dead.
The ogre hits you with a +0 giant spiked club!!
You die...

........###########
........####
...........#
..#........#
...........##
#####.......#
#........##
#.##.........#
(.....O@..⌠.⌠#
#.#####.##.∩.#
#.##⌠.⌠#
#.###.######## #<#
#......... #.#
########## #.# .#.


You could see an ogre.

Vanquished Creatures
  Grinder (D:4)
  2 water moccasin skeletons
  2 jellies (D:4)
  An orc priest (D:4)
  Jessica (D:3)
  An orc wizard (D:4)
  A scorpion zombie (D:4)
  Robin (D:1)
  5 adders
  A worm (D:2)
  2 dart slugs (D:2)
  4 orcs (D:4)
  5 ball pythons
  9 endoplasms
  14 goblins
  10 hobgoblins
  3 jackals (D:1)
  5 quokkas
  3 bats
  4 frilled lizards
  10 kobolds
  9 rats
94 creatures vanquished.

Notes
Turn   | Place    | Note
-------+----------+-------------------------------------------
     0 | D:1      | MajorAdolf the Naga Wanderer began the quest for the Orb.
     0 | D:1      | MajorAdolf set off with the following items: a +2 hand
                  | crossbow, 23 bolts, a +0 hand axe, a +0 ring mail
     0 | D:1      | Reached XP level 1. HP: 22/22 MP: 1/1
    15 | D:1      | Found a faded altar of an unknown god.
   428 | D:1      | Reached XP level 2. HP: 22/30 MP: 2/2
  1361 | D:1      | Reached XP level 3. HP: 34/36 MP: 3/3
  1497 | D:2      | Noticed Robin
  1667 | D:1      | Killed Robin
  2191 | D:2      | Reached XP level 4. HP: 41/45 MP: 4/4
  2233 | D:2      | Found an ancient bone altar of Kikubaaqudgha.
  2412 | D:2      | Reached skill level 1 in Short Blades
  2949 | D:3      | Noticed Jessica
  2960 | D:3      | Killed Jessica
  2961 | D:3      | Reached XP level 5. HP: 31/51 MP: 5/5
  3651 | D:4      | Found a hazy altar of Hepliaklqana.
  3702 | D:4      | Reached skill level 5 in Fighting
  3830 | D:4      | Reached XP level 6. HP: 29/61 MP: 6/6
  4359 | D:4      | Noticed Grinder
  4359 | D:4      | Paralysed by Grinder for 3 turns
  4373 | D:4      | Killed Grinder
  4374 | D:4      | Reached skill level 1 in Axes
  4374 | D:4      | Reached XP level 7. HP: 63/68 MP: 7/7
  5488 | D:5      | Entered Level 5 of the Dungeon
  5656 | D:5      | Found Nuwe's Magic Scroll Emporium.
  5703 | D:5      | Found Xyluwy's Book Boutique.
  5728 | D:5      | HP: 1/68 [ogre (25)]
  5729 | D:5      | Demolished by an ogre

Illustrated notes

Levels and vault maps discovered:
D:1:      dpeg_arrival_ratfight, layout_basic,
          hellmonk_ecumenical_altar_heavens_door
D:2:      layout_basic, basic_altar, uniq_robin
D:3:      layout_loops_cross, uniq_jessica
D:4:      layout_basic, mainiacjoe_overflow_surrounded_room, minivault_19,
          chequers_serial_rivers_micro_d, eino_tiny_chamber, uniq_grinder
D:5:      layout_loops_ring, temple_hall, serial_shops, shop_fountains, shop,
          shop, shop_fountains, nicolae_shop_sticking_my_neck_out, uniq_edmund

Skill      XL: |  1  2  3  4  5  6  7 |
---------------+----------------------+-----
Crossbows      | 2 3 4 |  4.1
Short Blades   | 1 2 3 |  3.3
Fighting       | 5 |  5.8
Axes           | 1 2 |  2.0
Armour         | |  2.4
Shields        | |  1.4
Evocations     | |  1.0

Action                   |  1- 3 |  4- 6 |  7- 9 || total
-------------------------+-------+-------+-------++-------
Melee: Hand axe          |   105 |       |       ||   105
       Dagger            |    10 |   122 |    37 ||   169
 Fire: Hand crossbow     |     2 |    30 |    25 ||    57
 Abil: Spit Poison       |     7 |     1 |       ||     8
Armor: Ring mail         |    48 |       |    13 ||    61
       Chain mail        |     7 |   104 |    18 ||   129
Dodge: Dodged            |    60 |    28 |     8 ||    96
Block: Kite shield       |       |       |    15 ||    15
